 Dungeon Crawl Stone Soup version 0.31-a0-986-g5e6e4ef867 (webtiles) character file.

Game seed: 18226641798872954943

5808 jlumianski the Grappler (level 10, -3/77 HPs)
             Began as a Gnoll Shapeshifter on Nov 19, 2023.
             Was an Elder of Okawaru.
             Slain by a basilisk (11 damage)
             ... in the Arena.
             The game lasted 00:32:30 (7225 turns).

jlumianski the Grappler (Gnoll Shapeshifter)        Turns: 7225, Time: 00:32:31

Health: -3/77      AC:  3    Str: 22    XL:     10   Next: 79%
Magic:  11/18      EV: 14    Int: 10    God:    Okawaru [****..]
Gold:   588        SH:  0    Dex: 13    Spells: 15/20 levels left

rFire   . . .        j - +27 heavy crossbow "Sniper" {heavy, Acc+∞ SInv}
rCold   x . .        (shield currently unavailable)
rNeg    . . .        P - +0 troll leather armour
rPois   .            (helmet currently unavailable)
rElec   .            b - melded +2 cloak of Orthodoxy {rElec Regen+ Dex-5 Slay+6}
rCorr   .            (gloves currently unavailable)
SInv    +            z - melded +0 pair of boots
Will    .....        (no amulet)
Stlth   +++          y - +6 ring of strength
HPRegen 1.92/turn    (no ring)
MPRegen 0.16/turn

%: no passive effects
@: beast-form, duelling
A: beast (slay +4), fangs 1, strong nose, distributed training, horns 1,
regeneration 1, cold vulnerability 1, MP-powered wands
a: Begin Untransformation, Renounce Religion, Heroism, Finesse


You were in the Arena.
You worshipped Okawaru.
Okawaru was greatly pleased with you.
You were a hulking beast.
You visited 1 branch of the dungeon, and saw 10 of its levels.

You collected 588 gold pieces.

Inventory:

Hand Weapons
 e - the +5 spear of Conscience {elec, rF- Will- Int+2 Dex+9}
   (You found it on level 2 of the Dungeon)

   Int+2:     It affects your intelligence (+2).
   Dex+9:     It affects your dexterity (+9).
   rF-:       It makes you vulnerable to fire.
   Will-:     It decreases your willpower.
 j - the +27 heavy crossbow "Sniper" (weapon) {heavy, Acc+∞ SInv}
   (You acquired it on level 5 of the Dungeon)

   Acc+∞: It never misses its target.
   SInv:      It lets you see invisible.
 p - a +2 dagger of holy wrath
 q - a +3 antimagic spear
 A - a +3 dagger of holy wrath
 C - a +1 heavy hand axe
Missiles
 x - 8 boomerangs
 J - 6 poisoned darts
 K - 5 javelins
 Q - a curare-tipped dart
Armour
 a - a +0 animal skin
 b - the +2 cloak of Orthodoxy (melded) {rElec Regen+ Dex-5 Slay+6}
   (You found it on level 2 of the Dungeon)

   Dex-5:     It affects your dexterity (-5).
   Slay+6:    It affects your accuracy & damage with ranged weapons and melee
   (+6).
   rElec:     It insulates you from electricity.
   Regen+:    It increases your rate of health regeneration.
 i - a +0 scale mail
 m - a +0 ring mail
 r - a +0 helmet
 z - a +0 pair of boots (melded)
 G - the +0 scale mail "Ozagh" {Will+}
   (You found it on level 6 of the Dungeon)

   Will+:     It increases your willpower.
 I - a +2 robe of cold resistance
 L - a +0 hat of see invisible
 P - a +0 troll leather armour (worn)
Magical Staves
 u - a staff of air
Jewellery
 y - a +6 ring of strength (left hand)
Talismans
 c - a beast talisman (active)
 d - a flux talisman
Wands
 D - a wand of paralysis (10)
 F - a wand of iceblast (2)
Scrolls
 g - 5 scrolls of amnesia {unknown}
 k - 3 scrolls of teleportation
 l - a scroll of revelation
 w - a scroll of fog
 H - a scroll of enchant weapon
 O - a scroll of vulnerability {unknown}
Potions
 f - a potion of brilliance
 h - a potion of curing
 n - 3 potions of mutation
 o - a potion of berserk rage
 s - a potion of enlightenment
 t - a potion of invisibility {unknown}
 v - a potion of haste
 B - 5 potions of lignification
 E - 2 potions of cancellation
 M - a potion of might {unknown}
 N - a potion of heal wounds {unknown}


   Skills:
 + Level 6.3 Fighting
 + Level 5.7 Short Blades
 + Level 5.7 Long Blades
 + Level 5.7 Axes
 + Level 5.7 Maces & Flails
 + Level 5.7 Polearms
 + Level 5.7 Staves
 + Level 5.7 Ranged Weapons
 + Level 5.7 Throwing
 + Level 5.7 Armour
 + Level 7.4 Dodging
 + Level 5.7 Stealth
 + Level 5.7 Shields
 + Level 8.8 Unarmed Combat
 + Level 5.7 Spellcasting
 + Level 4.7 Conjurations
 + Level 4.7 Hexes
 + Level 4.7 Summonings
 + Level 4.7 Necromancy
 + Level 4.7 Translocations
 + Level 4.7 Transmutations
 + Level 4.7 Fire Magic
 + Level 4.7 Ice Magic
 + Level 4.7 Air Magic
 + Level 4.7 Earth Magic
 + Level 4.7 Poison Magic
 + Level 6.2 Invocations
 + Level 5.7 Evocations
 + Level 8.4 Shapeshifting


You had 15 spell levels left.
You knew the following spells:

 Your Spells              Type           Power      Damage    Failure   Level
a - Poisonous Vapours     Pois/Air       24%        N/A       5%          2
b - Mephitic Cloud        Conj/Pois/Air  12%        N/A       11%         3

Your spell library contained the following spells:

 Spells                   Type           Power      Damage    Failure   Level
 Kiss of Death            Conj/Necr      48%        2d9       3%          1
 Confusing Touch          Hex            12%        N/A       11%         3
 Frozen Ramparts          Ice            24%        1d4       11%         3
 Dispel Undead            Necr           12%        3d9       34%         4
 Petrify                  Tmut/Erth      12%        N/A       34%         4
 Vhi's Electric Charge    Tloc/Air       24%        N/A       34%         4
 Arcjolt                  Conj/Air       6%         1d16      67%         5
 Freezing Cloud           Conj/Ice/Air   6%         6-21      67%         5
 Metabolic Englaciation   Hex/Ice        6%         N/A       67%         5
 Maxwell's Capacitive Co  Air            6%         ∞         100%        8


Dungeon Overview and Level Annotations

Branches:
Dungeon (10/15)            Temple (0/1) D:7
   Lair: D:8-11         Orc: D:9-12

Altars:
Ashenzari
Cheibriados
Elyvilon
Fedhas
Makhleb
Okawaru
Sif Muna
Trog
Uskayaw
Wu Jian
Xom
Yredelemnul
The Shining One


Innate Abilities, Weirdness & Mutations

You are a hulking beast.
Your limbs bulge with bestial killing power. (Slay +4)
You have very sharp teeth.
Your uncanny sense of smell can sniff out nearby items.
Your experience applies equally to all skills.
You have a pair of small horns on your head.
Your natural rate of healing is unusually fast.
You are vulnerable to cold. (rC-)
You expend magic power (3 MP) to strengthen your wands.


Message History

A komodo dragon comes into view.
The centaur throws a stone.
The stone barely misses you. The basilisk gazes at you.
You are slowing down.
The centaur shoots an arrow.
The arrow barely misses you.
You have turned to stone.
The basilisk gazes at you.
The centaur shoots an arrow.
The arrow hits you.
The centaur shoots an arrow.
The arrow hits you.
The centaur shoots an arrow.
The arrow hits you. The basilisk bites you! The basilisk gazes at you.
You resist with some effort. The komodo dragon bites you!!
The basilisk bites you! The komodo dragon bites you! The basilisk bites you!
* * * LOW HITPOINT WARNING * * *
The komodo dragon bites you!
* * * LOW HITPOINT WARNING * * *
The basilisk bites you.
* * * LOW HITPOINT WARNING * * *
The komodo dragon bites you!
* * * LOW HITPOINT WARNING * * *
You turn to flesh and can move again.
You feel better. The basilisk bites you!
* * * LOW HITPOINT WARNING * * *
The komodo dragon misses you. The basilisk attacks as it pursues you!
The basilisk barely misses you.
Okay, then.
Aiming: Duel (47% risk of failure)
Press: ? - help, Dir - move target, f - basilisk, p - centaur
Aim: a basilisk You enter into single combat with the basilisk!
The world spins around you as you enter the gateway.
You enter Okawaru's Arena!
You can no longer enter into single combat with a foe.
Okawaru will no longer gift you throwing weapons.
The spectator shouts! x6
The basilisk bites you!
You die...
Okawaru crowns the basilisk victorious!

###########
#p.p▓∩▓p.p#
#.▓▓▓▓▓▓▓.#
#p▓.....▓p#
#.▓.....▓.#
#p▓..hl.▓p#
#.▓.....▓.#
#p▓.....▓p#
#.▓▓▓▓▓▓▓.#
#p.p.p.p.p#
###########


You could see a basilisk.

Vanquished Creatures
  A two-headed ogre (D:9)
  3 trolls (D:9)
  Sigmund (D:6)
  A shadow (D:9)
  A wyvern (D:8)
  Grum (D:8)
  6 yaks (D:8)
  An ice beast (D:8)
  4 sky beasts
  An orc warrior (D:9)
  4 ogres
  2 black bears
  3 wolves (D:8)
  A centaur (D:5)
  A phantom (D:5)
  A kobold brigand (D:9)
  A gnoll sergeant (D:8)
  A bullfrog (D:6)
  A scorpion (D:4)
  3 wights (D:9)
  3 killer bees (D:7)
  2 howler monkeys (D:9)
  A jelly (D:5)
  4 orc priests
  4 hounds
  2 gnoll boudas
  6 iguanas
  7 orc wizards
  Robin (D:3)
  21 gnolls
  6 adders
  A white imp (D:8)
  2 ufetubi (D:7)
  2 worms
  4 dart slugs
  25 orcs
  8 ball pythons
  5 endoplasms
  6 giant cockroaches
  13 goblins
  10 hobgoblins
  4 jackals
  4 quokkas
  4 bats
  A frilled lizard (D:3)
  6 kobolds
  3 rats
193 creatures vanquished.

Notes
Turn   | Place    | Note
-------+----------+-------------------------------------------
     0 | D:1      | jlumianski the Gnoll Shapeshifter began the quest for the
                  | Orb.
     0 | D:1      | Reached XP level 1. HP: 17/17 MP: 1/1
    33 | D:2      | Identified the +5 spear of Conscience {elec, rF- Will-
                  | Int+2 Dex+9}
    96 | D:1      | Reached XP level 2. HP: 20/23 MP: 2/2
   413 | D:1      | Reached XP level 3. HP: 28/28 MP: 3/3
   974 | D:3      | Noticed Robin
   986 | D:3      | Reached skill level 1 in Invocations
  1039 | D:2      | Reached skill level 1 in Short Blades
  1039 | D:2      | Reached skill level 1 in Long Blades
  1039 | D:2      | Reached skill level 1 in Axes
  1039 | D:2      | Reached skill level 1 in Maces & Flails
  1039 | D:2      | Reached skill level 1 in Polearms
  1039 | D:2      | Reached skill level 1 in Staves
  1039 | D:2      | Reached skill level 1 in Ranged Weapons
  1039 | D:2      | Reached skill level 1 in Throwing
  1039 | D:2      | Reached skill level 1 in Armour
  1039 | D:2      | Reached skill level 1 in Stealth
  1039 | D:2      | Reached skill level 1 in Shields
  1039 | D:2      | Reached skill level 1 in Spellcasting
  1039 | D:2      | Reached skill level 1 in Evocations
  1109 | D:3      | Killed Robin
  1110 | D:3      | Reached XP level 4. HP: 15/34 MP: 0/5
  1204 | D:3      | Reached skill level 1 in Conjurations
  1204 | D:3      | Reached skill level 1 in Hexes
  1204 | D:3      | Reached skill level 1 in Summonings
  1204 | D:3      | Reached skill level 1 in Necromancy
  1204 | D:3      | Reached skill level 1 in Translocations
  1204 | D:3      | Reached skill level 1 in Transmutations
  1204 | D:3      | Reached skill level 1 in Fire Magic
  1204 | D:3      | Reached skill level 1 in Ice Magic
  1204 | D:3      | Reached skill level 1 in Air Magic
  1204 | D:3      | Reached skill level 1 in Earth Magic
  1204 | D:3      | Reached skill level 1 in Poison Magic
  1490 | D:2      | Identified the +2 cloak of Orthodoxy {rElec Regen+ Dex-5
                  | Slay+6}
  1705 | D:2      | Found a faded altar of an unknown god.
  1835 | D:2      | Reached XP level 5. HP: 38/40 MP: 6/6
  2171 | D:3      | Found a shimmering blue altar of Sif Muna.
  2172 | D:3      | Found an iron altar of Okawaru.
  2175 | D:3      | Found a burning altar of Makhleb.
  2188 | D:3      | Became a worshipper of Warmaster Okawaru
  2307 | D:4      | Reached XP level 6. HP: 25/47 MP: 8/8
  2383 | D:4      | Reached skill level 5 in Dodging
  2636 | D:5      | Entered Level 5 of the Dungeon
  2950 | D:3      | Found a snail-covered altar of Cheibriados.
  3368 | D:4      | Noticed a black bear
  3373 | D:4      | Killed a black bear
  3374 | D:4      | Reached XP level 7. HP: 51/52 MP: 10/10
  3400 | D:4      | Gained mutation: You have a pair of small horns on your
                  | head. [potion of mutation]
  3400 | D:4      | Gained mutation: You expend magic power (3 MP) to
                  | strengthen your wands. [potion of mutation]
  3400 | D:4      | Gained mutation: You are vulnerable to cold. (rC-) [potion
                  | of mutation]
  3400 | D:4      | Gained mutation: Your natural rate of healing is unusually
                  | fast. [potion of mutation]
  3468 | D:4      | Reached * piety under Okawaru
  3786 | D:4      | Found a shimmering altar of Xom.
  3793 | D:4      | Found a blossoming altar of Fedhas.
  3885 | D:4      | Found a basalt altar of Yredelemnul.
  3949 | D:6      | Identified the +0 scale mail "Ozagh" {Will+}
  4040 | D:5      | Reached XP level 8. HP: 60/60 MP: 12/12
  4049 | D:5      | Found an ornate altar of the Wu Jian Council.
  4049 | D:5      | Found a broken altar of Ashenzari.
  4050 | D:5      | Found a bloodstained altar of Trog.
  4069 | D:5      | Found a hide-covered altar of Uskayaw.
  4141 | D:5      | Found a glowing golden altar of the Shining One.
  4304 | D:5      | Identified a scroll of acquirement
  4305 | D:5      | Acquired the +27 heavy crossbow "Sniper" {heavy, Acc+∞
                  | SInv}
  4305 | D:5      | Found the +27 heavy crossbow "Sniper" {heavy, Acc+∞ SInv}
  4555 | D:5      | Reached ** piety under Okawaru
  4778 | D:6      | Noticed Sigmund
  4806 | D:6      | Killed Sigmund
  4871 | D:6      | Reached XP level 9. HP: 66/66 MP: 14/14
  5411 | D:7      | Found a white marble altar of Elyvilon.
  5492 | D:6      | Reached skill level 5 in Fighting
  5941 | D:7      | Found a staircase to the Ecumenical Temple.
  6239 | D:9      | Noticed a two-headed ogre
  6240 | D:9      | Killed a two-headed ogre
  6240 | D:9      | Reached *** piety under Okawaru
  6241 | D:9      | Reached skill level 5 in Invocations
  6349 | D:8      | Reached XP level 10. HP: 75/75 MP: 17/17
  6351 | D:8      | Reached skill level 5 in Short Blades
  6351 | D:8      | Reached skill level 5 in Long Blades
  6351 | D:8      | Reached skill level 5 in Axes
  6351 | D:8      | Reached skill level 5 in Maces & Flails
  6351 | D:8      | Reached skill level 5 in Polearms
  6351 | D:8      | Reached skill level 5 in Staves
  6351 | D:8      | Reached skill level 5 in Ranged Weapons
  6351 | D:8      | Reached skill level 5 in Throwing
  6351 | D:8      | Reached skill level 5 in Armour
  6351 | D:8      | Reached skill level 5 in Stealth
  6351 | D:8      | Reached skill level 5 in Shields
  6351 | D:8      | Reached skill level 5 in Spellcasting
  6351 | D:8      | Reached skill level 5 in Evocations
  6520 | D:8      | Reached **** piety under Okawaru
  6528 | D:8      | Noticed Grum
  6531 | D:8      | Killed Grum
  6888 | D:8      | Learned a level 2 spell: Poisonous Vapours
  6976 | D:9      | Learned a level 3 spell: Mephitic Cloud
  6978 | D:10     | Entered Level 10 of the Dungeon
  7208 | D:9      | Reached ***** piety under Okawaru
  7225 | Arena    | Entered the Arena
  7225 | Arena    | Slain by a basilisk

Illustrated notes

Levels and vault maps discovered:
D:1:      nicolae_arrival_memento_mori, layout_basic
D:2:      layout_basic, serial_bayou, serial_bayou_pond_c,
          serial_bayou_crossing, serial_bayou_lagoon_a, serial_bayou_shore_b,
          ebering_ecumenical_altar_hall, serial_park_tiny_2
D:3:      layout_basic, slow_altar_2, minitemple, minmay_crystal_room,
          uniq_robin
D:4:      layout_loops_cross, fedhas_altar_3,
          mainiacjoe_overflow_large_starburst, chequers_serial_rivers_micro_a,
          minmay_misc_feat_encased, minmay_door_square, nrook_uturn,
          kennysheep_doodads
D:5:      layout_loops_ring, nicolae_overflow_quartered_altars,
          nicolae_tso_swordbearing_angel, mrwooster_statue_mirror, minivault_1
D:6:      layout_basic, uniq_sigmund
D:7:      layout_loops_ring, elyvilon_altar_4, minmay_temple_entry_overgrown
D:8:      layout_loops_ring, serial_park_tiny_pond, dreamdust_princess_bridge,
          uniq_grum
D:9:      layout_loops_ring, david_lair_shrubbed, david_orc_4
D:10:     layout_cave_pools, serial_glass, glass_columns_a, glass_columns_c,
          bh_circular_ruins, uniq_josephine, uniq_nergalle
Arena

Skill      XL: |  1  2  3  4  5  6  7  8  9 10 |
---------------+-------------------------------+-----
Invocations    | 1 2 3 4 5 6 |  6.2
Short Blades   | 1 2 3 4 5 |  5.7
Long Blades    | 1 2 3 4 5 |  5.7
Axes           | 1 2 3 4 5 |  5.7
Maces & Flails | 1 2 3 4 5 |  5.7
Polearms       | 1 2 3 4 5 |  5.7
Staves         | 1 2 3 4 5 |  5.7
Ranged Weapons | 1 2 3 4 5 |  5.7
Throwing       | 1 2 3 4 5 |  5.7
Armour         | 1 2 3 4 5 |  5.7
Stealth        | 1 2 3 4 5 |  5.7
Shields        | 1 2 3 4 5 |  5.7
Spellcasting   | 1 2 3 4 5 |  5.7
Evocations     | 1 2 3 4 5 |  5.7
Conjurations   | 1 2 3 4 |  4.7
Hexes          | 1 2 3 4 |  4.7
Summonings     | 1 2 3 4 |  4.7
Necromancy     | 1 2 3 4 |  4.7
Translocations | 1 2 3 4 |  4.7
Transmutations | 1 2 3 4 |  4.7
Fire Magic     | 1 2 3 4 |  4.7
Ice Magic      | 1 2 3 4 |  4.7
Air Magic      | 1 2 3 4 |  4.7
Earth Magic    | 1 2 3 4 |  4.7
Poison Magic   | 1 2 3 4 |  4.7
Fighting       | 3 4 5 6 |  6.3
Dodging        | 5 6 7 |  7.4
Unarmed Combat | 7 8 |  8.8
Shapeshifting  | 7 8 |  8.4

Action                     |  1- 3 |  4- 6 |  7- 9 | 10-12 || total
---------------------------+-------+-------+-------+-------++-------
  Melee: Unarmed           |    80 |   119 |   104 |       ||   303
         Bite              |     7 |    12 |    15 |       ||    34
         Punch             |     1 |     1 |       |       ||     2
         Headbutt          |       |       |    16 |       ||    16
   Fire: Heavy crossbow    |       |       |    47 |    36 ||    83
 Invoke: Heroism           |       |       |     1 |       ||     1
         Duel              |       |       |       |     1 ||     1
    Use: Potion            |       |     1 |     5 |     1 ||     7
         Scroll            |       |       |     8 |       ||     8
 Armour: Animal skin       |     7 |       |       |       ||     7
         Scale mail        |    45 |    63 |    73 |    16 ||   197
         Skin              |       |     1 |       |       ||     1
         Troll leather arm |       |       |       |    22 ||    22
  Dodge: Dodged            |    32 |    67 |    73 |    23 ||   195
   Form: Flux              |       |     1 |       |       ||     1
         Beast             |       |       |     1 |       ||     1

Table legend: (Time is in decaauts)
 A = Elapsed time spent in this place.
 B = Non-inter-level travel time spent in this place.
 C = Inter-level travel time spent in this place.
 D = Time resting spent in this place.
 E = Time spent auto-exploring this place.
 F = Levels seen in this place.
 G = Mean time per level.
                   A        B        C        D        E       F      G
               +--------+--------+--------+--------+--------+-----+--------+
         Total |   7444 |   7151 |    293 |    196 |   4428 |  11 |  676.7 |
       Dungeon |   7444 |   7151 |    293 |    196 |   4428 |  10 |  744.4 |
         Arena |      0 |      0 |      0 |      0 |      0 |   1 |    0.0 |
               +--------+--------+--------+--------+--------+-----+--------+

Top non-repeatable levels by time:
     D:3: 1250 daAuts
     D:4: 904 daAuts
     D:2: 894 daAuts
     D:1: 880 daAuts
     D:5: 838 daAuts
     D:6: 798 daAuts
     D:8: 729 daAuts
     D:7: 670 daAuts
     D:9: 475 daAuts
    D:10: 1 daAuts
